cohdb
Replays
Latest Replays
All Replays
Popular Replays
Top Player Replays
Match Explorer
How It Works
Community
CoH3 Stats
Reddit
Sign in to upload your games and track your stats! →
Sign in with Steam
Match 45161624
Unlisted
Match 45161624
Overview
Messages
Build Orders
End
Construct Section Command Post
Dingo Light Scout Car
Dingo Light Scout Car
Selects Air and Sea Battlegroup
Construct Platoon Command Post
Selects Supply Surplus
Construct Resource Cache
6-pounder Anti-tank Gun Team
Humber Armored Car
Unlock M3 Stuart Light Tanks
Construct Resource Cache
M3 Stuart Light Tank
Royal Engineer Section
Selects Commando Section Paradrop
Selects Commando Support Section Paradrop
Light Vehicle Training
Commando Section Paradrop
Royal Engineer Section
M3 Stuart Light Tank
M3 Stuart Light Tank
Commando Support Section Paradrop
Selects Incendiary Bombing Run
Incendiary Bombing Run
Mochi_flamer
alphaelf
Misumi Uika
Hello
زايون سوف تسقط
Stormwing
Oblivion
Vyre
0
0
Comments
sign in to comment!
No comments posted yet!